| TOP OF THE 1ST |
|
Cleveland Indians batting - Pitching for New York (DL) Yankees : RHP Joey Hamilton
|
|
Pitching: RHP Joey Hamilton
|
|
|
Batting: LHB Daric Barton
|
0-0: Foul Ball, location: 2F 0-1: Ball 1-1: Foul Ball, location: 2F 1-2: Ball 2-2: Ball 3-2: Ground out U3 (Groundball, 34, EV 96.3 MPH)
|
|
Batting: RHB Everett Scott
|
0-0: Ball 1-0: Called Strike 1-1: Fly out, F8 (Flyball, 8LM, EV 85.0 MPH)
|
|
Batting: RHB Bernard Gilkey
|
0-0: Foul Ball, location: 2F 0-1: Ground out 4-3 (Groundball, 13, EV 81.9 MPH)
|
| Top of the 1st over - 0 runs, 0 hits, 0 errors, 0 left on base; Cleveland 0 - New York (DL) 0 |
| BOTTOM OF THE 1ST |
|
New York (DL) Yankees batting - Pitching for Cleveland Indians : RHP Gerrit Cole
|
|
Pitching: RHP Gerrit Cole
|
|
|
Batting: RHB Braggo Roth
|
0-0: Ball 1-0: Ball 2-0: Foul Ball, location: 2F 2-1: SINGLE (Groundball, 6D, EV 103.8 MPH)
|
|
Batting: RHB Nomar Garciaparra
|
0-0: Ball 1-0: Foul Ball, location: 2F 1-1: Swinging Strike 1-2: Ball Braggo Roth steals 2nd base 2-2: Ball 3-2: Ground out 6-3 (Groundball, 6D, EV 106.3 MPH)
|
|
Batting: RHB Joe Cronin
|
0-0: Called Strike 0-1: Ball 1-1: Ball 2-1: Ball 3-1: Base on Balls
|
|
Batting: LHB Larry Doby
|
0-0: 3-RUN HOME RUN (Flyball, 7LD, EV 91.9 MPH), Distance : 373 ft
|
|
Batting: RHB Dean Palmer
|
0-0: Ball 1-0: Ball 2-0: Ball 3-0: Called Strike 3-1: Ground out 6-3 (Groundball, 56D, EV 88.8 MPH)
|
|
Batting: SHB Nick Swisher
|
0-0: Called Strike 0-1: Ball 1-1: Ball 2-1: Ball 3-1: Fly out, F8 (Flyball, 8RXD, EV 79.4 MPH)
|
| Bottom of the 1st over - 3 runs, 2 hits, 0 errors, 0 left on base; Cleveland 0 - New York (DL) 3 |
| TOP OF THE 2ND |
|
Cleveland Indians batting - Pitching for New York (DL) Yankees : RHP Joey Hamilton
|
|
Batting: LHB Kyle Seager
|
0-0: Called Strike 0-1: Ball 1-1: Foul Ball, location: 2F 1-2: Ball 2-2: Ball 3-2: Base on Balls
|
|
Batting: LHB Adam Dunn
|
0-0: Fly out, F8 (Flyball, 8LM, EV 90.6 MPH)
|
|
Batting: LHB Norm Siebern
|
0-0: Ball 1-0: Called Strike Kyle Seager steals 2nd base 1-1: Ball 2-1: DOUBLE (Line Drive, 9LM, EV 108.1 MPH) Kyle Seager scores
|
|
Batting: LHB Ivey Wingo
|
0-0: Ball 1-0: Called Strike 1-1: Ball 2-1: Ball 3-1: Foul Ball, location: 2F 3-2: Foul Ball, location: 2F 3-2: Fly out, F4 (Flyball, 4MD, EV 93.8 MPH)
|
|
Batting: RHB Matt Chapman
|
0-0: Ball 1-0: Called Strike 1-1: Called Strike 1-2: Strikes out swinging
|
| Top of the 2nd over - 1 run, 1 hit, 0 errors, 1 left on base; Cleveland 1 - New York (DL) 3 |
| BOTTOM OF THE 2ND |
|
New York (DL) Yankees batting - Pitching for Cleveland Indians : RHP Gerrit Cole
|
|
Batting: SHB Eddie Murray
|
0-0: Ball 1-0: Ball 2-0: Swinging Strike 2-1: SINGLE (Groundball, 4D, EV 102.5 MPH)
|
|
Batting: RHB Tom Murphy
|
0-0: Swinging Strike 0-1: Swinging Strike 0-2: Ball 1-2: Ball 2-2: Grounds into double play, 4-6-3 (Groundball, 34, EV 101.3 MPH)
|
|
Batting: RHB Joey Hamilton
|
0-0: Called Strike 0-1: Foul Ball, location: 2F 0-2: Foul Ball, location: 2F 0-2: SINGLE (Groundball, 4MD, EV 108.1 MPH)
|
|
Batting: RHB Braggo Roth
|
0-0: Called Strike 0-1: Ball 1-1: Called Strike 1-2: Strikes out looking
|
| Bottom of the 2nd over - 0 runs, 2 hits, 0 errors, 1 left on base; Cleveland 1 - New York (DL) 3 |
| TOP OF THE 3RD |
|
Cleveland Indians batting - Pitching for New York (DL) Yankees : RHP Joey Hamilton
|
|
Batting: RHB Gerrit Cole
|
0-0: Ball 1-0: Fly out, F8 (Flyball, 8LD, EV 89.4 MPH)
|
|
Batting: LHB Daric Barton
|
0-0: Ball 1-0: Called Strike 1-1: Ground out 6-3 (Groundball, 6, EV 91.9 MPH)
|
|
Batting: RHB Everett Scott
|
0-0: Ball 1-0: Ball 2-0: Called Strike 2-1: Ball 3-1: Called Strike 3-2: Foul Ball, location: 2F 3-2: Foul Ball, location: 2F 3-2: Ground out 6-3 (Groundball, 6, EV 109.4 MPH)
|
| Top of the 3rd over - 0 runs, 0 hits, 0 errors, 0 left on base; Cleveland 1 - New York (DL) 3 |
| BOTTOM OF THE 3RD |
|
New York (DL) Yankees batting - Pitching for Cleveland Indians : RHP Gerrit Cole
|
|
Batting: RHB Nomar Garciaparra
|
0-0: Called Strike 0-1: Ball 1-1: Fly out, F9 (Flyball, 9, EV 91.9 MPH)
|
|
Batting: RHB Joe Cronin
|
0-0: Ball 1-0: Ball 2-0: Foul Ball, location: 2F 2-1: Foul Ball, location: 2F 2-2: Fly out, F8 (Flyball, 89D, EV 85.0 MPH)
|
|
Batting: LHB Larry Doby
|
0-0: Swinging Strike 0-1: Ball 1-1: Ball 2-1: Swinging Strike 2-2: Hit by Pitch
|
|
Batting: RHB Dean Palmer
|
0-0: Ball 1-0: Ball 2-0: Ball 3-0: Called Strike 3-1: SINGLE (Groundball, 6MD, EV 103.1 MPH) Larry Doby to second Runner from 2nd tries for 3rd, SAFE, no throw by CF
|
|
Batting: SHB Nick Swisher
|
0-0: Ball 1-0: Ball 2-0: Ball 3-0: Called Strike 3-1: 3-RUN HOME RUN (Flyball, 89XD, EV 101.3 MPH), Distance : 447 ft
|
|
Pitching: RHP Bill Dillman
|
|
|
Batting: SHB Eddie Murray
|
0-0: Ball 1-0: SOLO HOME RUN (Line Drive, 9LD, EV 103.8 MPH), Distance : 365 ft
|
|
Batting: RHB Tom Murphy
|
0-0: Called Strike 0-1: Ball 1-1: Ground out 6-3 (Groundball, P, EV 86.9 MPH)
|
| Bottom of the 3rd over - 4 runs, 3 hits, 0 errors, 0 left on base; Cleveland 1 - New York (DL) 7 |
| TOP OF THE 4TH |
|
Cleveland Indians batting - Pitching for New York (DL) Yankees : RHP Joey Hamilton
|
|
Batting: RHB Bernard Gilkey
|
0-0: Called Strike 0-1: Swinging Strike 0-2: Ball 1-2: Strikes out looking
|
|
Batting: LHB Kyle Seager
|
0-0: Ball 1-0: Called Strike 1-1: Ground out 2-3 (Groundball, 2R, EV 61.9 MPH)
|
|
Batting: LHB Adam Dunn
|
0-0: Ball 1-0: Called Strike 1-1: Ball 2-1: Foul Ball, location: 2F 2-2: Strikes out looking
|
| Top of the 4th over - 0 runs, 0 hits, 0 errors, 0 left on base; Cleveland 1 - New York (DL) 7 |
| BOTTOM OF THE 4TH |
|
New York (DL) Yankees batting - Pitching for Cleveland Indians : RHP Bill Dillman
|
|
Batting: RHB Joey Hamilton
|
0-0: Called Strike 0-1: Fly out, F8 (Line Drive, 8RD, EV 97.5 MPH)
|
|
Batting: RHB Braggo Roth
|
0-0: Swinging Strike 0-1: Ball 1-1: Foul Ball, location: 2F 1-2: Strikes out swinging
|
|
Batting: RHB Nomar Garciaparra
|
0-0: Ground out 5-3 (Groundball, 56, EV 84.4 MPH)
|
| Bottom of the 4th over - 0 runs, 0 hits, 0 errors, 0 left on base; Cleveland 1 - New York (DL) 7 |
| TOP OF THE 5TH |
|
Cleveland Indians batting - Pitching for New York (DL) Yankees : RHP Joey Hamilton
|
|
Batting: LHB Norm Siebern
|
0-0: SINGLE (Line Drive, 9S, EV 106.9 MPH)
|
|
Batting: LHB Ivey Wingo
|
0-0: Ball 1-0: Foul Ball, location: 2F 1-1: SINGLE (Line Drive, 8LS, EV 90.0 MPH) Norm Siebern to second
|
|
Batting: RHB Matt Chapman
|
0-0: SINGLE (Line Drive, 9S, EV 96.9 MPH) Norm Siebern to third Ivey Wingo to second
|
|
Batting: RHB Bill Dillman
|
0-0: Ball 1-0: Called Strike 1-1: Ball 2-1: Called Strike 2-2: Strikes out swinging
|
|
Batting: LHB Daric Barton
|
0-0: Called Strike 0-1: Foul Ball, location: 2F 0-2: Strikes out swinging
|
|
Batting: RHB Everett Scott
|
0-0: Ball 1-0: Ground out 4-3 (Groundball, 4, EV 81.9 MPH)
|
| Top of the 5th over - 0 runs, 3 hits, 0 errors, 3 left on base; Cleveland 1 - New York (DL) 7 |
| BOTTOM OF THE 5TH |
|
New York (DL) Yankees batting - Pitching for Cleveland Indians : RHP Bill Dillman
|
|
Batting: RHB Joe Cronin
|
0-0: Ball 1-0: Swinging Strike 1-1: Ball 2-1: Ball 3-1: Foul Ball, location: 2F 3-2: Ground out 6-3 (Groundball, 6M, EV 90.6 MPH)
|
|
Batting: LHB Larry Doby
|
0-0: Swinging Strike 0-1: Fly out, F8 (Flyball, 89D, EV 96.3 MPH)
|
|
Batting: RHB Dean Palmer
|
0-0: Called Strike 0-1: Foul Ball, location: 2F 0-2: Strikes out swinging
|
| Bottom of the 5th over - 0 runs, 0 hits, 0 errors, 0 left on base; Cleveland 1 - New York (DL) 7 |
| TOP OF THE 6TH |
|
Cleveland Indians batting - Pitching for New York (DL) Yankees : RHP Joey Hamilton
|
|
Batting: RHB Bernard Gilkey
|
0-0: Called Strike 0-1: Ball 1-1: Fly out, F6 (Line Drive, 6, EV 73.8 MPH)
|
|
Batting: LHB Kyle Seager
|
0-0: Ball 1-0: Ground out 4-3 (Groundball, 4, EV 96.9 MPH)
|
|
Batting: LHB Adam Dunn
|
0-0: Foul Ball, location: 2F 0-1: Ball 1-1: Ball 2-1: Foul Ball, location: 2F 2-2: SINGLE (Line Drive, 78M, EV 106.3 MPH)
|
|
Batting: LHB Norm Siebern
|
0-0: Ball 1-0: Called Strike 1-1: Ball 2-1: Ball Adam Dunn steals 2nd base 3-1: Ground out 3-1 (Groundball, 34S, EV 86.9 MPH)
|
| Top of the 6th over - 0 runs, 1 hit, 0 errors, 1 left on base; Cleveland 1 - New York (DL) 7 |
| BOTTOM OF THE 6TH |
|
New York (DL) Yankees batting - Pitching for Cleveland Indians : RHP Bill Dillman
|
|
Batting: SHB Nick Swisher
|
0-0: Ball 1-0: Called Strike 1-1: Swinging Strike 1-2: Foul Ball, location: 2F 1-2: Ground out 4-3 (Groundball, 4, EV 78.1 MPH)
|
|
Batting: SHB Eddie Murray
|
0-0: Foul Ball, location: 2F 0-1: Ball 1-1: Foul Ball, location: 2F 1-2: Ground out 5-3 (Groundball, 56, EV 89.4 MPH)
|
|
Batting: RHB Tom Murphy
|
0-0: SINGLE (Flyball, 6MD, EV 88.8 MPH)
|
|
Batting: RHB Joey Hamilton
|
0-0: Called Strike 0-1: Swinging Strike 0-2: Strikes out looking
|
| Bottom of the 6th over - 0 runs, 1 hit, 0 errors, 1 left on base; Cleveland 1 - New York (DL) 7 |
| TOP OF THE 7TH |
|
Cleveland Indians batting - Pitching for New York (DL) Yankees : RHP Joey Hamilton
|
|
Batting: LHB Ivey Wingo
|
0-0: Called Strike 0-1: Ground out 4-3 (Groundball, 34, EV 79.4 MPH)
|
|
Batting: RHB Matt Chapman
|
0-0: Ball 1-0: Called Strike 1-1: Ball 2-1: Foul Ball, location: 2F 2-2: SINGLE (Groundball, 3D, EV 100.6 MPH)
|
|
Pinch Hitting: LHB Ron Northey
|
0-0: Ball 1-0: Ball 2-0: Ball 3-0: Base on Balls Matt Chapman to second
|
|
Batting: LHB Daric Barton
|
0-0: Called Strike 0-1: Foul Ball, location: 2F 0-2: Foul Ball, location: 2F 0-2: Ball 1-2: Ball 2-2: Foul Ball, location: 2F 2-2: Grounds into double play, 5-4-3 (Groundball, 5, EV 92.5 MPH)
|
| Top of the 7th over - 0 runs, 1 hit, 0 errors, 1 left on base; Cleveland 1 - New York (DL) 7 |
| BOTTOM OF THE 7TH |
|
New York (DL) Yankees batting - Pitching for Cleveland Indians : RHP Bill Dillman
|
|
Pitching: RHP Doug Nickle
|
|
|
Batting: RHB Braggo Roth
|
0-0: Ball 1-0: Ball 2-0: Fly out, F8 (Line Drive, 8RD, EV 107.5 MPH)
|
|
Batting: RHB Nomar Garciaparra
|
0-0: Ball 1-0: Called Strike 1-1: Called Strike 1-2: Ball 2-2: Ball 3-2: SINGLE (Groundball, 56D, EV 106.3 MPH)
|
|
Batting: RHB Joe Cronin
|
0-0: Ball Nomar Garciaparra is caught stealing 2nd base 2-4 1-0: Ground out U3 (Groundball, 34S, EV 90.0 MPH)
|
| Bottom of the 7th over - 0 runs, 1 hit, 0 errors, 0 left on base; Cleveland 1 - New York (DL) 7 |
| TOP OF THE 8TH |
|
Cleveland Indians batting - Pitching for New York (DL) Yankees : RHP Joey Hamilton
|
|
Batting: RHB Everett Scott
|
0-0: Called Strike 0-1: Called Strike 0-2: Strikes out swinging
|
|
Batting: RHB Bernard Gilkey
|
0-0: Called Strike 0-1: Ball 1-1: Foul Ball, location: 2F 1-2: Foul Ball, location: 2F 1-2: Ball 2-2: SINGLE (Line Drive, 7S, EV 98.1 MPH)
|
|
Pitching: RHP Luis Tiant
|
|
|
Batting: LHB Kyle Seager
|
0-0: Ball 1-0: Foul Ball, location: 2F 1-1: Foul Ball, location: 2F 1-2: Fly out, F5 (Popup, 5S, EV 80.0 MPH)
|
|
Batting: LHB Adam Dunn
|
0-0: Called Strike 0-1: Foul Ball, location: 2F 0-2: Ball 1-2: Foul Ball, location: 2F 1-2: Strikes out swinging
|
| Top of the 8th over - 0 runs, 1 hit, 0 errors, 1 left on base; Cleveland 1 - New York (DL) 7 |
| BOTTOM OF THE 8TH |
|
New York (DL) Yankees batting - Pitching for Cleveland Indians : RHP Doug Nickle
|
|
Batting: LHB Larry Doby
|
0-0: SINGLE (Groundball, 4MD, EV 96.3 MPH)
|
|
Batting: RHB Dean Palmer
|
0-0: Foul Ball, location: 2F 0-1: Ball 1-1: Swinging Strike 1-2: Ball 2-2: Strikes out swinging
|
|
Batting: SHB Nick Swisher
|
0-0: Fly out, F7 (Flyball, 78XD, EV 103.8 MPH)
|
|
Batting: SHB Eddie Murray
|
0-0: Ball 1-0: Ball 2-0: Called Strike 2-1: Swinging Strike 2-2: Strikes out looking
|
| Bottom of the 8th over - 0 runs, 1 hit, 0 errors, 1 left on base; Cleveland 1 - New York (DL) 7 |
| TOP OF THE 9TH |
|
Cleveland Indians batting - Pitching for New York (DL) Yankees : RHP Luis Tiant
|
|
Batting: LHB Norm Siebern
|
0-0: Foul Ball, location: 2F 0-1: Ball 1-1: Called Strike 1-2: Ball 2-2: Ball 3-2: Ground out 4-3 (Groundball, 4MD, EV 108.8 MPH)
|
|
|